[Event "*** Titled Tuesday Blitz"]
[Site "Chess.com"]
[Date "2020.05.05"]
[Round "10"]
[White "TigrVShlyape"]
[Black "DrVelja"]
[Result "1-0"]
[WhiteElo "2826"]
[BlackElo "2654"]
[TimeControl "180+1"]
[EndTime "11:59:19 PDT"]
[Termination "TigrVShlyape won by resignation"]

1. d4 Nf6 2. Nf3 g6 3. c3 Bg7 4.
Bf4 O-O 5. h3 d6 6. Nbd2 Nbd7 7.
e4 Qe8 8. e5 dxe5 9. dxe5 Nd5 10. Bh2 N7b6 11. Bd3 c5 12. O-O Qc6 13. Qe2 h6 14.
Rfe1 Be6 15. h4 Bg4 16. a4 Nc7 17. Be4 Qe6 18. Bxb7 Rad8 19. Ne4 Qc4 20. a5 Qxe2 21. Rxe2 Nc4 22. Nxc5 Nd5 23. Bg3 Bxf3 24. gxf3 g5 25. hxg5 hxg5 26. b3 Nxc3 27. Rc2 Nxe5 28. Rxc3 Nxf3+ 29. Rxf3 Bxa1 30. b4 Kg7 31. b5 Bd4 32.
Nb3 Bf6 33. Re3 Rd1+ 34. Kg2 Rfd8 35. b6 axb6 36. axb6 R1d6 37. Bxd6 Rxd6 38. Bf3 Rxb6 39. Rd3 e6 40. Nc5 Rb8 41. Rd7 Kg6 42. Be4+ Kh5 43.
Rxf7 Bd4 44. Nxe6 Rf8 45. Rh7+ Kg4 46. f3+ Rxf3 47. Bxf3+ Kf5 48. Nxd4+ 1-0

[Event "*** Titled Tuesday Blitz"]
[Site "Chess.com"]
[Date "2020.05.05"]
[Round "10"]
[White "woodhy"]
[Black "EvgenyRomanov"]
[Result "1-0"]
[WhiteElo "2458"]
[BlackElo "2634"]
[TimeControl "180+1"]
[EndTime "11:59:19 PDT"]
[Termination "woodhy won by resignation"]

1. e4 c5 2. Nf3 e6 3. d4 cxd4 4.
Nxd4 a6 5. c4 Nf6 6. Nc3 Bb4 7.
Bd3 e5 8. Nf5 O-O 9. O-O Bxc3 10. bxc3 d6 11. Ne3 Nbd7 12. Nd5 Nxd5 13. cxd5 Nc5 14.
Be3 Qc7 15. Rb1 b5 16. Bxc5 Qxc5 17. Qd2 Bd7 18. Rfc1 a5 19. Rb2 Rfc8 20. Rcb1 Rab8 21. c4 b4 22. a3 g6 23. axb4 axb4 24. Rxb4 Rxb4 25. Qxb4 Qd4 26. Bf1 Rc5 27. Qb8+ Bc8 28. Qxd6 Kg7 29. h3 Ra5 30. Qc7 Ra2 31. Qxc8 Qxf2+ 32. Kh1 Rb2 33. Rxb2 Qxf1+ 34. Kh2 Qf4+ 35. g3 Qxe4 36.
Rg2 Qd4 37. Qc6 e4 38. d6 e3 39. d7 Qd3 40. Qd5 1-0

[Event "*** Titled Tuesday Blitz"]
[Site "Chess.com"]
[Date "2020.05.05"]
[Round "10"]
[White "Evgeny81"]
[Black "Vaathi_Coming"]
[Result "1-0"]
[WhiteElo "2691"]
[BlackElo "2830"]
[TimeControl "180+1"]
[EndTime "11:59:20 PDT"]
[Termination "Evgeny81 won by checkmate"]

1. d4 Nf6 2. c4 e6 3. Nc3 Bb4 4.
e3 O-O 5. Bd3 d5 6. Nf3 c5 7.
cxd5 cxd4 8. exd4 Nxd5 9. O-O Nc6 10. Ne4 Be7 11. a3 h6 12. Re1 b6 13. Ng3 Bb7 14.
Bc2 Ba6 15. Nh5 Rc8 16. Ne5 Nxe5 17. dxe5 Bg5 18. f4 Bh4 19. Qg4 g5 20. fxg5 hxg5 21. g3 f5 22. exf6 Nxf6 23. Qxe6+ Kh8 24. Nxf6 Rxc2 25.
Ng4 Qd3 26. Qh6+ Kg8 27. Bxg5 Bb7 28. Nf6+ Kf7 29. Qh5+ Qg6 30. Re7+ Kxe7 31. Qxg6 Rg2+ 32. Kf1 Bxg5 33. Re1+ Kd6 34. Qxg5 Rxh2 35. Qe5+ Kc6 36. Kg1 Rfh8 37. Rc1+ Rc2 38. Rxc2# 1-0

[Event "*** Titled Tuesday Blitz"]
[Site "Chess.com"]
[Date "2020.05.05"]
[Round "10"]
[White "picturesquecheck"]
[Black "Filip_Covic"]
[Result "1/2-1/2"]
[WhiteElo "2110"]
[BlackElo "2362"]
[TimeControl "180+1"]
[EndTime "11:59:20 PDT"]
[Termination "Game drawn - insufficient material"]

1. e4 c5 2. Nf3 Nc6 3. d4 cxd4 4. Nxd4 g6 5. Nc3 Bg7 6. Be3 Nf6 7. Bc4 O-O 8. Bb3 d6 9. f3 Bd7 10. Qd2 Nxd4 11. Bxd4 b5 12. a4 b4 13. Nd5 Nxd5 14.
Bxg7 Kxg7 15. exd5 Qa5 16. O-O Qc5+ 17. Qf2 Qxf2+ 18. Rxf2 a5 19. Re2 Kf6 20. Rae1 Rfe8 21. Kf2 Rac8 22. g4 g5 23. Kg3 e5 24. dxe6 Bxe6 25.
Bxe6 Rxe6 26. Rxe6+ fxe6 27. Re2 e5 28. Kf2 d5 29.
Ke3 Rc4 30. Kd3 Rd4+ 31. Ke3 Rf4 32. Rd2 Ke6 33. h3 Kd6 34. Rd3 Rc4 35. Rd2 Kc5 36. Rh2 e4 37. fxe4 Rxe4+ 38. Kd3 Rf4 39. h4 Rxg4 40. hxg5 Rxg5 41. Rxh7 Rg3+ 42. Kd2 b3 43. cxb3 Rxb3 44. Kc2 Rb4 45. b3 Rg4 46. Rc7+ Kb6 47. Rd7 d4 48. Kd3 Rg3+ 49. Kc4 Rc3+ 50. Kxd4 Rxb3 51.
Rd6+ Kc7 52. Ra6 Rb4+ 53. Kc3 Rxa4 54. Rh6 Rb4 55. Ra6 Kb7 56. Rxa5 Rb6 57. Ra3 Rc6+ 58. Kb2 Ra6 59. Rxa6 Kxa6 1/2-1/2

[Event "*** Titled Tuesday Blitz"]
[Site "Chess.com"]
[Date "2020.05.05"]
[Round "10"]
[White "korkmaz16"]
[Black "Sweafty"]
[Result "0-1"]
[WhiteElo "2324"]
[BlackElo "2519"]
[TimeControl "180+1"]
[EndTime "11:59:22 PDT"]
[Termination "Sweafty won by resignation"]

1. e4 d6 2. d4 Nf6 3. Nc3 g6 4. Be3 c6 5. Qd2 b5 6. f3 Nbd7 7. Bd3 b4 8. Nce2 a5 9. h4 h5 10. Nh3 c5 11. Ng5 cxd4 12. Bxd4 Bg7 13. O-O-O Qc7 14.
Kb1 Rb8 15. Rhe1 a4 16. c4 Nc5 17. Nf4 e5 18. Nd5 Nxd5 19. exd5 O-O 20. Bxc5 Qxc5 21.
Ne4 Qb6 22. g4 hxg4 23. h5 f5 24. hxg6 fxe4 25. Bxe4 Rf4 26. Qh2 gxf3 27. Rf1 Rxe4 28. Rxf3 Rf4 29. Rxf4 exf4 30. Qxf4 Qc7 31. Re1 Qd7 32. Qh4 Qf5+ 33. Ka1 Bd7 34. Qh7+ Kf8 35. Qh2 Re8 36. Qxd6+ Kg8 37. Rxe8+ Bxe8 38. Qxb4 Qf1+ 0-1

[Event "*** Titled Tuesday Blitz"]
[Site "Chess.com"]
[Date "2020.05.05"]
[Round "10"]
[White "Kaliopa"]
[Black "Batsai"]
[Result "0-1"]
[WhiteElo "2101"]
[BlackElo "2273"]
[TimeControl "180+1"]
[EndTime "11:59:22 PDT"]
[Termination "Batsai won by resignation"]

1. e4 e6 2. d4 d5 3. Nd2 Nf6 4. e5 Nfd7 5. Bd3 c5 6. c3 Nc6 7. Ngf3 a5 8. O-O a4 9. Re1 a3 10. bxa3 c4 11. Bc2 Qa5 12. Re3 b5 13. Ng5 Be7 14.
Nxf7 Kxf7 15. Qh5+ Kg8 16. Rf3 Nd8 17. Qe8+ Bf8 18. Nf1 Qc7 19. Bg5 Nf6 20. Bxf6 Nf7 21. Bxg7 Bb7 22. Qxf7+ Qxf7 23. Rxf7 Kxf7 24. Bxh8 Bxa3 25. Rb1 b4 26. Bf6 Bc6 27. Ne3 bxc3 28. Nd1 Bb2 29. Nxb2 Rxa2 30. Nd1 Rxc2 31. Ne3 Rb2 32.
Rc1 c2 33. Kf1 Ba4 34. Ke1 Rb1 35. Kd2 c3+ 36. Kxc3 Rxc1 0-1

[Event "*** Titled Tuesday Blitz"]
[Site "Chess.com"]
[Date "2020.05.05"]
[Round "10"]
[White "Budisavljevic"]
[Black "bazar-wokzal"]
[Result "0-1"]
[WhiteElo "2400"]
[BlackElo "2533"]
[TimeControl "180+1"]
[EndTime "11:59:23 PDT"]
[Termination "bazar-wokzal won by checkmate"]

1. d4 Nf6 2. Nf3 e6 3. Bf4 c5 4. e3 b6 5. Nc3 Bb7 6. Nb5 Na6 7. Nd6+ Bxd6 8. Bxd6 Ne4 9. dxc5 Naxc5 10. Be5 O-O 11. Be2 f6 12. Bf4 e5 13. Bg3 Rc8 14. c4 Qe7 15.
O-O Rfd8 16. Nd2 Nxd2 17. Qxd2 Ne4 18. Qd3 Nc5 19. Qa3 a5 20. Rad1 Kf8 21. Bg4 Ne4 22. Bxd7 Qxa3 23. bxa3 Rxc4 24. Be6 Rxd1 25. Rxd1 Rc2 26. f3 Nxg3 27. hxg3 Ke7 28. Bf5 Rc7 29. Bxh7 Rc3 30. Bf5 Bc6 31. Rb1 b5 32. a4 b4 33.
e4 Bxa4 34. f4 Rxg3 35. Rc1 exf4 36. Rc7+ Kd6 37. Ra7 f3 38. Ra6+ Ke7 39. Ra7+ Kd6 40. Ra6+ Kc7 41. Rxa5 Rxg2+ 42. Kf1 Rxa2 43. Ra7+ Kb6 44.
Rxg7 Bb5+ 45. Kg1 f2+ 46. Kh1 f1=Q+ 47. Rg1 Qf3+ 48. Rg2 Qxg2# 0-1

[Event "*** Titled Tuesday Blitz"]
[Site "Chess.com"]
[Date "2020.05.05"]
[Round "10"]
[White "leopato"]
[Black "narutosmith"]
[Result "1-0"]
[WhiteElo "2100"]
[BlackElo "2253"]
[TimeControl "180+1"]
[EndTime "11:59:24 PDT"]
[Termination "leopato won on time"]

1. e4 c5 2. Nf3 e6 3. d3 Nc6 4.
Nbd2 g6 5. g3 Bg7 6. Bg2 Nge7 7.
O-O O-O 8. c3 e5 9. Nc4 d6 10.
a4 h6 11. a5 Be6 12. Qa4 Qd7 13. Re1 Rfb8 14. Nfd2 Qd8 15. Ne3 b5 16. Qc2 Nxa5 17. f4 Nac6 18. f5 Bd7 19. Ndf1 gxf5 20. exf5 Qc8 21.
g4 Kh8 22. Ng3 Ng8 23. Ne4 Bf8 24. Qf2 Qd8 25. Nd5 f6 26. Qh4 Bg7 27. Nxd6 Be6 28. fxe6 Qxd6 29. Ra6 Rc8 30. Bxh6 Bxh6 31. Nxf6 Kg7 32.
Nxg8 Rxg8 33. Rxc6 Qd8 34. e7 Be3+ 35. Rxe3 Qe8 36.
Qh6+ Kf7 37. Bd5+ Kxe7 38. Rc7+ Kd8 39. Qd6+ 1-0

[Event "*** Titled Tuesday Blitz"]
[Site "Chess.com"]
[Date "2020.05.05"]
[Round "10"]
[White "2346PL"]
[Black "annamaja"]
[Result "0-1"]
[WhiteElo "2355"]
[BlackElo "2304"]
[TimeControl "180+1"]
[EndTime "11:59:25 PDT"]
[Termination "annamaja won by resignation"]

1. d4 Nf6 2. Bg5 d5 3. e3 e6 4. Bd3 Be7 5. Nd2 h6 6. Bh4 Nbd7 7. f4 b6 8. Ngf3 Bb7 9. O-O Ne4 10. Bxe7 Qxe7 11. Ne5 Nxe5 12. fxe5 O-O-O 13. Nxe4 dxe4 14. Bc4 Qg5 15. Qe2 Rd7 16. a4 c5 17. c3 Rc7 18. a5 cxd4 19. cxd4 Kb8 20. axb6 axb6 21. Bb3 Rhc8 22. Ra3 Rc1 23. Ra1 Rxf1+ 24. Kxf1 Qh4 25.
g3 Qh3+ 26. Kg1 h5 27. Qf2 Rc7 28. Rf1 h4 29. gxh4 Qg4+ 30. Kh1 Ba6 31. Rg1 Qh5 32. d5 Be2 33. h3 Bf3+ 34. Kh2 Qxe5+ 35. Qg3 Qxb2+ 36. Rg2 Qxg2+ 37. Qxg2 Bxg2 38. Kxg2 Rc3 39. dxe6 fxe6 40. Bxe6 Rxe3 41. h5 b5 42. Kf2 Rf3+ 43. Ke2 Rg3 44. Kf2 Rc3 45. Bf5 e3+ 46. Kf3 b4 47. Bg4 Kc7 48. Kf4 Kd6 49. Kg5 Ke7 50.
Kg6 Kf8 51. h6 gxh6 52. Bd1 b3 0-1

[Event "*** Titled Tuesday Blitz"]
[Site "Chess.com"]
[Date "2020.05.05"]
[Round "10"]
[White "Trickov"]
[Black "marszach123"]
[Result "1-0"]
[WhiteElo "2293"]
[BlackElo "2138"]
[TimeControl "180+1"]
[EndTime "11:59:25 PDT"]
[Termination "Trickov won on time"]

1. d4 Nf6 2. Nf3 e6 3. g3 d5 4.
Bg2 Be7 5. c4 O-O 6. Qc2 dxc4 7.
O-O a6 8. a4 c5 9. Qxc4 Nbd7 10. Rd1 b5 11. Qc2 Bb7 12. axb5 axb5 13. Rxa8 Qxa8 14.
dxc5 Nxc5 15. Be3 Rc8 16. Nbd2 Nd5 17. Bd4 Na4 18. Qb3 Nc7 19. Ne1 Bd5 20. Bxd5 Qxd5 21. Nef3 Bc5 22. Bxc5 Nxc5 23. Qe3 Na4 24. b3 Nc5 25. Rc1 N7a6 26. Ne4 f5 27. Neg5 h6 28. Nh3 Rd8 29. Nf4 Qxb3 30. Qe5 Qa3 31. Rb1 Qa2 32.
Rxb5 Nd7 33. Qxe6+ 1-0

[Event "*** Titled Tuesday Blitz"]
[Site "Chess.com"]
[Date "2020.05.05"]
[Round "10"]
[White "VladimirBugayev"]
[Black "Kapibara_Warri0r"]
[Result "1-0"]
[WhiteElo "2243"]
[BlackElo "2089"]
[TimeControl "180+1"]
[EndTime "11:59:25 PDT"]
[Termination "VladimirBugayev won by resignation"]

1. e4 e5 2. Nf3 Nc6 3. Nc3 Nf6 4. d4 exd4 5. Nxd4 Bb4 6. Nxc6 bxc6 7. Bd3 d6 8. O-O h6 9. h3 O-O 10. Qf3 a5 11. a3 Bc5 12. Bf4 Rb8 13. Rad1 Qe7 14. Rfe1 Nd7 15. Qg3 Qf6 16. e5 dxe5 17. Rxe5 Nxe5 18.
Bxe5 Qg5 19. Bxc7 Qxg3 20. Bxg3 Rb7 21. Na4 Be7 22. b3 Bxa3 23. Nc3 Bb4 24. Ne2 Be6 25. Nd4 c5 26. Nxe6 fxe6 27. Bc4 Kf7 28. Rd6 Re8 29. Be5 Ree7 30. f4 Rbd7 31. Bxe6+ Rxe6 32. Rxd7+ Re7 33. Rxe7+ Kxe7 34. Bxg7 h5 35. g4 hxg4 36. hxg4 Bd2 37. Be5 c4 38. Kf2 c3 39. Ke2 Ke6 40.
Kd3 Kd5 41. Bxc3 Bxf4 42. Bxa5 Kc5 43. c4 Kc6 44. Bd2 Bd6 45. g5 Bf8 46. g6 Bg7 47.
Bc3 1-0

[Event "*** Titled Tuesday Blitz"]
[Site "Chess.com"]
[Date "2020.05.05"]
[Round "10"]
[White "floplover"]
[Black "Mikhail_Golubev"]
[Result "1-0"]
[WhiteElo "2318"]
[BlackElo "2501"]
[TimeControl "180+1"]
[EndTime "11:59:26 PDT"]
[Termination "floplover won on time"]

1. d4 Nf6 2. c4 g6 3. Nc3 Bg7 4. e4 d6 5. Nf3 O-O 6. Be2 e5 7.
O-O Nc6 8. d5 Ne7 9. b4 Ne8 10.
Nd2 f5 11. c5 Nf6 12. Ba3 f4 13. b5 g5 14. Nc4 Ne8 15. Bg4 Ng6 16. Be6+ Kh8 17. cxd6 cxd6 18. b6 axb6 19. Nb5 f3 20.
g3 Bxe6 21. dxe6 Qc8 22. Nxb6 Qxe6 23. Kh1 Rf6 24. Nd5 Rf7 25. Rc1 Bf8 26. Rc3 g4 27.
Ne3 h5 28. Rd3 h4 29. Bxd6 Nxd6 30. Nxd6 Rh7 31. Ndf5 hxg3 32. fxg3 Rxa2 33. Nxg4 Ra8 34. Qxf3 Rf7 35. Qe3 Kh7 36. Qg5 Ra6 37. Qh5+ Kg8 38. Rdf3 Rh7 39. Nfh6+ Bxh6 40. Nxh6+ 1-0

[Event "*** Titled Tuesday Blitz"]
[Site "Chess.com"]
[Date "2020.05.05"]
[Round "10"]
[White "Reader777"]
[Black "Dumbo32"]
[Result "1-0"]
[WhiteElo "2584"]
[BlackElo "2397"]
[TimeControl "180+1"]
[EndTime "11:59:27 PDT"]
[Termination "Reader777 won on time"]

1. d4 d5 2. c4 dxc4 3. Nf3 Nf6 4. e3 a6 5. a4 e6 6. Bxc4 c5 7.
O-O Qc7 8. Qe2 Nbd7 9. Nc3 Be7 10. Rd1 O-O 11. d5 exd5 12. Nxd5 Nxd5 13. Bxd5 Nf6 14. e4 Nxd5 15. Rxd5 Be6 16. Rd1 Rfe8 17. Be3 b6 18.
Qc2 Red8 19. b4 c4 20. Qc3 Qc6 21. Bd4 Bf8 22. Ne5 Qxe4 23. Bxb6 Rxd1+ 24. Rxd1 Re8 25. Bc5 Bd5 26. Nf3 Ba8 27. Bxf8 Kxf8 28. Re1 Qd3 29. Rxe8+ Kxe8 30. Qe1+ Qe4 31. Qd1 Qd3 32. Qe1+ Qe4 33.
Qc1 h6 34. h3 g5 35. Qc3 Qd3 36. Qh8+ Kd7 37. Qxa8 1-0

[Event "*** Titled Tuesday Blitz"]
[Site "Chess.com"]
[Date "2020.05.05"]
[Round "10"]
[White "Zkid"]
[Black "Baby_Legs"]
[Result "1-0"]
[WhiteElo "2843"]
[BlackElo "2698"]
[TimeControl "180+1"]
[EndTime "11:59:28 PDT"]
[Termination "Zkid won by resignation"]

1. c4 e6 2. g3 d5 3. Nf3 Nf6 4. Bg2 Be7 5. O-O O-O 6. b3 c5 7. e3 Nc6 8. Bb2 b6 9. d4 cxd4 10. Nxd4 Nxd4 11. Qxd4 Bb7 12. Rd1 Rc8 13. Nc3 Bc5 14. Qh4 Be7 15. Qd4 Bc5 16. Qd3 Ba6 17.
Qb1 Qe7 18. cxd5 exd5 19. Nxd5 Nxd5 20. Rxd5 Rfd8 21. Qf5 Qe6 22. Qg5 f6 23. Qh5 g6 24. Qd1 Be7 25. Rc1 Kg7 26. Rxc8 Rxc8 27. Rd7 Bb5 28. Rxa7 Kf8 29. h4 Bc6 30. Bxc6 Rxc6 31.
Qf3 Rc2 32. Bd4 b5 33. h5 b4 34. h6 Kf7 35. Kg2 f5 36. Qa8 g5 37. Ra6 Qe4+ 38. Qxe4 fxe4 39. g4 Bf8 40. Ra7+ Kg6 41. Bg7 Bc5 42.
Ra6+ Kf7 43. Kg3 Ke7 44. Bf6+ Kf7 45. Bxg5 Bd6+ 46. Rxd6 Rb2 47. Rd4 1-0

[Event "*** Titled Tuesday Blitz"]
[Site "Chess.com"]
[Date "2020.05.05"]
[Round "10"]
[White "rpragchess"]
[Black "lucliasco"]
[Result "1-0"]
[WhiteElo "2841"]
[BlackElo "2672"]
[TimeControl "180+1"]
[EndTime "11:59:28 PDT"]
[Termination "rpragchess won by resignation"]

1. Nf3 d5 2. g3 c5 3. Bg2 Nc6 4. O-O e5 5. d3 f6 6. c4 d4 7.
e3 Bg4 8. exd4 cxd4 9. Na3 Bxa3 10. bxa3 Nge7 11. Rb1 Qd7 12. a4 O-O 13. Ba3 Rfe8 14.
Qb3 b6 15. Nd2 Rac8 16. Ne4 Rf8 17. Rfc1 Na5 18. Qb5 Rfd8 19. c5 Qxb5 20. axb5 bxc5 21. Bxc5 Rd7 22. Bb4 Rxc1+ 23. Rxc1 Nb7 24. a4 Kf7 25. a5 Nd8 26. b6 axb6 27. axb6 Nb7 28. Rc7 Rxc7 29.
bxc7 Nc8 30. Nxf6 gxf6 31. Bxb7 h6 32. f4 exf4 33. gxf4 h5 34. Kf2 Ke8 35. Bc6+ Bd7 36. Bf3 Bg4 37. Bxg4 hxg4 38. Kg3 f5 39. Kh4 Kd7 40. Kg5 Ke6 41. Kg6 Nb6 42. Bc5 Nc8 43. Bxd4 Ne7+ 44. Kg5 Nc8 45. Bc5 Kd5 46. Ba3 Ke6 47. d4 Nb6 48. Bb4 Nc8 49. Bc5 1-0

[Event "*** Titled Tuesday Blitz"]
[Site "Chess.com"]
[Date "2020.05.05"]
[Round "10"]
[White "Poghosyan_Suren"]
[Black "Zurability"]
[Result "1-0"]
[WhiteElo "2517"]
[BlackElo "2670"]
[TimeControl "180+1"]
[EndTime "11:59:28 PDT"]
[Termination "Poghosyan_Suren won on time"]

1. e4 g6 2. d4 Bg7 3. Nc3 d6 4.
Nf3 a6 5. a4 b6 6. Be2 Bb7 7.
O-O Nd7 8. Re1 Ngf6 9. e5 Nd5 10. Nxd5 Bxd5 11. c4 Bb7 12. e6 fxe6 13. Ng5 Nf8 14. Bg4 e5 15. Be6 c5 16. d5 Bc8 17. Qf3 Bf6 18. Nf7 Qc7 19. Nxh8 Nxe6 20. dxe6 Rb8 21. Qh3 Qc6 22. Qxh7 Bxe6 23. Nxg6 Kd7 24. Bh6 Bg8 25. Nxe5+ Bxe5 26. Qg6 Bd4 27. Qf5+ e6 28. Qg4 Re8 29. Be3 Bxe3 30. Rxe3 Bf7 31. Rae1 Rg8 32. Qf3 Qxf3 33. Rxf3 Rg7 34. h4 d5 35. Rg3 Rh7 36. Rg4 Kd6 37.
Rf4 d4 38. g3 Bg6 39. Rf6 Bf5 40. f3 1-0

[Event "*** Titled Tuesday Blitz"]
[Site "Chess.com"]
[Date "2020.05.05"]
[Round "10"]
[White "tigra"]
[Black "Oleksandr_Bortnyk"]
[Result "0-1"]
[WhiteElo "2804"]
[BlackElo "2993"]
[TimeControl "180+1"]
[EndTime "11:59:31 PDT"]
[Termination "Oleksandr_Bortnyk won on time"]

1. e4 Nf6 2. e5 Nd5 3. c4 Nb6 4. d4 d6 5. Nf3 Bg4 6. exd6 exd6 7. Nbd2 Be7 8. h3 Bh5 9. b3 O-O 10. Bb2 Bf6 11. Be2 Re8 12. O-O Nc6 13. Re1 d5 14.
Rc1 a6 15. c5 Nd7 16. Nf1 Nf8 17.
Ne3 Ne6 18. Ng4 Nf4 19. Bf1 Bxg4 20. hxg4 Re4 21. Ne5 Ne6 22. Rxe4 dxe4 23. Nxc6 bxc6 24. Rc4 Qd5 25. Ra4 Rd8 26. Bc4 Qxc5 27. Bxe6 fxe6 28. Rxa6 Bxd4 29. Bxd4 Rxd4 30. Qe1 h6 31. Ra8+ Kh7 32. Re8 Qd5 33. Qe3 Rd1+ 34. Kh2 c5 35. g3 Rd3 36.
Qe2 e3 37. Qc2 Qe4 38. Rf8 e2 0-1

[Event "*** Titled Tuesday Blitz"]
[Site "Chess.com"]
[Date "2020.05.05"]
[Round "10"]
[White "jguerramzllo"]
[Black "JessPinkman"]
[Result "1-0"]
[WhiteElo "2614"]
[BlackElo "2457"]
[TimeControl "180+1"]
[EndTime "11:59:32 PDT"]
[Termination "jguerramzllo won on time"]

1. e4 c5 2. c3 Nf6 3. e5 Nd5 4. Nf3 e6 5. Bc4 d6 6. exd6 Bxd6 7. d4 cxd4 8. Qxd4 O-O 9. O-O Nc6 10. Qe4 Nf6 11. Qe2 b6 12. Rd1 Qc7 13. Bg5 Bb7 14. Nbd2 Ng4 15. h3 Nge5 16. Bb3 h6 17. Be3 Ne7 18. Nxe5 Bxe5 19. Nf3 Bf6 20. Bd4 Bxd4 21. Rxd4 Rad8 22. Rad1 Rxd4 23. Nxd4 Rd8 24. f3 a6 25. Kf2 Qc5 26. Kf1 e5 27. Nc2 Rxd1+ 28. Qxd1 Bd5 29. Qd3 b5 30. Ne3 Bxb3 31. axb3 f6 32. b4 Qc7 33. Ke2 Kf7 34. b3 Qc6 35. c4 bxc4 36. Qxc4+ Qxc4+ 37. bxc4 Ke6 38. g4 Nc6 39. Nc2 g6 40. Kd3 f5 41.
c5 Kd5 42. Ne3+ Ke6 43. Kc4 h5 44. gxh5 gxh5 45. Nd5 f4 46. Nc7+ Kf5 47. Nxa6 Nd4 48. b5 Nxf3 49. b6 Nd4 50. Nb4 Ke6 51. b7 1-0

[Event "*** Titled Tuesday Blitz"]
[Site "Chess.com"]
[Date "2020.05.05"]
[Round "10"]
[White "Grandelicious"]
[Black "Trankuilizer"]
[Result "1-0"]
[WhiteElo "2748"]
[BlackElo "2549"]
[TimeControl "180+1"]
[EndTime "11:59:33 PDT"]
[Termination "Grandelicious won by resignation"]

1. Nf3 Nf6 2. g3 g6 3. b3 Bg7 4.
Bb2 O-O 5. Bg2 d6 6. d4 b6 7.
O-O Bb7 8. c4 Nbd7 9. Qc2 c5 10.
d5 b5 11. Nc3 bxc4 12. bxc4 Ba6 13. Nd2 Rb8 14. Rab1 Qa5 15. Rfc1 Ng4 16. h3 Nge5 17. Nd1 Nb6 18. Ne3 Qa4 19. Qc3 Nf3+ 20. Bxf3 Bxc3 21. Rxc3 Qd7 22. Rb3 Na4 23. Ba1 Rxb3 24.
axb3 Nb6 25. h4 h5 26. g4 e5 27. dxe6 fxe6 28. gxh5 gxh5 29. Kh2 e5 30. Rg1+ Kh8 31. Ne4 Rf4 32. Rg5 Rxh4+ 33. Kg1 Qd8 34. Nf5 Rxe4 35. Rxh5+ Kg8 36. Bxe4 Bc8 37. Ng3 Qf6 38.
Bc3 Bg4 39. Rh7 Nd7 40. Bd2 Be6 41. Rh6 Qg7 42. Rg6 Nf6 43. Rxg7+ Kxg7 44. Bd3 1-0

[Event "*** Titled Tuesday Blitz"]
[Site "Chess.com"]
[Date "2020.05.05"]
[Round "10"]
[White "Usurpov"]
[Black "Caterpiller35"]
[Result "1/2-1/2"]
[WhiteElo "2442"]
[BlackElo "2312"]
[TimeControl "180+1"]
[EndTime "11:59:33 PDT"]
[Termination "Game drawn - insufficient material"]

1. e4 c5 2. Nf3 Nc6 3. d4 cxd4 4. Nxd4 e5 5. Nb5 d6 6. c4 Be7 7. N1c3 a6 8. Na3 Be6 9. Be2 Bg5 10. O-O Bxc1 11. Rxc1 Nd4 12. Nc2 Nxe2+ 13. Qxe2 Rc8 14. Ne3 Nf6 15. b3 O-O 16. Rfd1 Rc6 17. a4 Qb6 18. Qc2 Rc5 19. Rb1 Rfc8 20. Qd2 Qb4 21. f3 Kf8 22. g3 g6 23. Kg2 h5 24. h4 Kg7 25. Nc2 Qb6 26. Qxd6 Qxd6 27. Rxd6 b5 28. axb5 axb5 29. Ne3 bxc4 30. b4 R5c7 31. b5 Rb8 32. f4 exf4 33. gxf4 Rd7 34. Rxd7 Nxd7 35. f5 gxf5 36. exf5 Kf6 37.
fxe6 Ne5 38. exf7 Kxf7 39. Rd1 Ke6 40. Rd4 Rg8+ 41. Kf2 Nd3+ 42. Ke2 Rg3 43. Rxc4 Ne5 44. Re4 Rh3 45. Ncd5 Kd6 46. Kd2 Rh2+ 47. Kc3 Nd7 48.
Re8 Rxh4 49. Rh8 Rh3 50. Rh6+ Kc5 51. Kd3 Kxb5 52. Nf4 Ne5+ 53. Ke4 Rxe3+ 54. Kxe3 Ng4+ 55. Kf3 Nxh6 56. Nxh5 1/2-1/2

[Event "*** Titled Tuesday Blitz"]
[Site "Chess.com"]
[Date "2020.05.05"]
[Round "10"]
[White "AndriiTop"]
[Black "Bodnar_Mykola"]
[Result "1-0"]
[WhiteElo "2328"]
[BlackElo "2431"]
[TimeControl "180+1"]
[EndTime "11:59:33 PDT"]
[Termination "AndriiTop won by checkmate"]

1. d4 Nf6 2. Bg5 Ne4 3. Bf4 d5 4. e3 c5 5. c3 Bf5 6. Nf3 e6 7.
Bxb8 Rxb8 8. Bb5+ Ke7 9. Nbd2 a6 10. Be2 Nxd2 11. Qxd2 Qb6 12. dxc5 Qxc5 13. O-O f6 14.
Nd4 Bg6 15. f4 Kf7 16. Bf3 Bd6 17. b4 Qb6 18. f5 exf5 19. Bxd5+ Ke7 20. Nxf5+ Bxf5 21. Rxf5 Rhe8 22. Qd4 Qc7 23. Raf1 Be5 24. Qh4 h6 25. c4 Qd6 26. e4 Bd4+ 27. Kh1 Qxb4 28. e5 Kd8 29. exf6 Bxf6 30. Qg3 Kd7 31. R5f3 Qd6 32.
Qh3+ Kc7 33. Rb3 b6 34. Qf3 Re7 35. g3 Rbe8 36. Rf2 Re1+ 37. Kg2 Qc5 38. Qf4+ Be5 39. Qf7+ Re7 40. Qf8 Bd4 41. Rd2 Rg1+ 42. Kh3 Bf6 43. Qa8 Kd6 44. Qb8+ Qc7 45. Qxb6+ Qxb6 46. Rxb6+ Kc5 47.
Rc6+ Kb4 48. Rxa6 g5 49. Rb6+ Kc3 50. Rf2 Bd4 51. Rb3# 1-0

[Event "*** Titled Tuesday Blitz"]
[Site "Chess.com"]
[Date "2020.05.05"]
[Round "10"]
[White "chenxiaoyuer"]
[Black "rynos0411"]
[Result "1-0"]
[WhiteElo "2233"]
[BlackElo "2351"]
[TimeControl "180+1"]
[EndTime "11:59:33 PDT"]
[Termination "chenxiaoyuer won by resignation"]

1. e4 e5 2. Nf3 Nc6 3. Bb5 a6 4. Ba4 Nf6 5. d3 Be7 6. Bxc6 dxc6 7. Nxe5 O-O 8. O-O Re8 9. h3 Be6 10. Nf3 c5 11. b3 b5 12. Bb2 c4 13. Nd4 Bd7 14.
dxc4 bxc4 15. Nd2 c5 16. Nf5 Bxf5 17. exf5 Qd7 18. Nxc4 Qxf5 19. Ne3 Qc8 20. Qf3 a5 21. Nf5 Bf8 22. Nh6+ Kh8 23. Nxf7+ Kg8 24. Nh6+ Kh8 25. Ng4 Nxg4 26. hxg4 Ra6 27. Rae1 Rg6 28. Qf5 Qd8 29. Qf7 Be7 30. Re4 Rf8 31. Qxe7 Qa8 32. Rfe1 h6 33. Qxf8+ Qxf8 34. Re8 Kg8 35. Rxf8+ Kxf8 36. f3 Rd6 37. Re2 a4 38. bxa4 Ra6 39. Ba3 Rxa4 40.
Bxc5+ Kf7 41. a3 Rc4 42. Bb4 g6 43. c3 h5 44. gxh5 gxh5 45. Re4 Rc6 46. Kf2 Kg6 47. a4 Kf5 48. a5 Rc8 49. a6 Ra8 50. Rh4 Kg5 51. Rd4 Rxa6 52. Rd5+ Kg6 53. Rd6+ Rxd6 54.
Bxd6 Kf5 55. c4 Ke6 56. c5 Kd5 57. Kg3 Kc6 58. Kh4 Kd5 59. Kxh5 Kc6 60. g4 1-0

[Event "*** Titled Tuesday Blitz"]
[Site "Chess.com"]
[Date "2020.05.05"]
[Round "10"]
[White "GasconJR"]
[Black "Khamrakulov_Djurabek"]
[Result "0-1"]
[WhiteElo "2627"]
[BlackElo "2816"]
[TimeControl "180+1"]
[EndTime "11:59:34 PDT"]
[Termination "Khamrakulov_Djurabek won on time"]

1. Nf3 d5 2. g3 g6 3. Bg2 Bg7 4. c4 d4 5. d3 e5 6. b4 Ne7 7.
O-O O-O 8. Nbd2 a5 9. b5 a4 10. Ba3 Re8 11. Rb1 Nd7 12. Qc2 Ra7 13. Rfc1 b6 14.
h4 Nc5 15. Bxc5 bxc5 16. Ne4 Nf5 17. Nxc5 a3 18. Ne4 Bb7 19. Nfd2 Bh6 20. c5 Bd5 21. b6 cxb6 22. cxb6 Rb7 23. Qc5 Kg7 24. Ng5 Bxg2 25. Kxg2 Bxg5 26. hxg5 Re6 27. Qc7 Qa8 28.
Ne4 Rxc7 29. bxc7 Re8 30. Rb6 Rc8 31. Rbc6 Ne7 32. R6c5 Nd5 33. Kg1 h6 34. Nd6 Rxc7 35.
Rxc7 Nxc7 36. Rxc7 Qb8 37. Rxf7+ Kg8 38. Rd7 hxg5 39. Ne4 Kf8 40. Nf6 Qb6 41. Nh7+ Ke8 42. Rg7 Qb1+ 43. Kg2 Qxa2 44. Rc7 Qxe2 45. Nf6+ Kd8 46.
Rd7+ Kc8 47. Ra7 a2 48. Ne4 Qb2 49. Nd6+ Kb8 0-1

[Event "*** Titled Tuesday Blitz"]
[Site "Chess.com"]
[Date "2020.05.05"]
[Round "10"]
[White "chessdjw"]
[Black "AminMolaei"]
[Result "0-1"]
[WhiteElo "2641"]
[BlackElo "2538"]
[TimeControl "180+1"]
[EndTime "11:59:34 PDT"]
[Termination "AminMolaei won on time"]

1. e4 c5 2. Nf3 g6 3. c4 Nc6 4. d4 cxd4 5. Nxd4 Nf6 6. Nc3 d6 7. Be2 Nxd4 8. Qxd4 Bg7 9. Be3 O-O 10. Qd2 a5 11. f3 a4 12. Kf2 Be6 13. g4 Qa5 14. Nd5 Bxd5 15. cxd5 Qxd2 16. Bxd2 Nd7 17. Rab1 Rfc8 18.
Rhc1 Bd4+ 19. Ke1 Rxc1+ 20. Rxc1 Nc5 21. Rc2 Kg7 22. Bb5 f5 23. exf5 gxf5 24. h3 Kf6 25. Bc1 Ra5 26. Bc4 Ra8 27. Re2 fxg4 28. hxg4 Kf7 29.
Bh6 b5 30. Bxb5 Rb8 31. Bc4 Bxb2 32. Kf2 Bd4+ 33. Kg3 Rb4 34. Rc2 Be5+ 35. Kg2 a3 36.
Bc1 Bb2 37. Bd2 Rb8 38. Be2 Be5 39. Bc1 Rb2 40. Be3 Rxc2 0-1